 Dungeon Crawl Stone Soup version 0.30.0-5-g1a98f26d00 (webtiles) character file.

Game seed: 13598191033437344537

49 Irreverend the Firebug (level 3, 19/19 HPs)
             Began as a Deep Elf Fire Elementalist on May 8, 2023.
             Quit the game on level 2 of the Dungeon.
             The game lasted 00:02:45 (1112 turns).

Irreverend the Firebug (Deep Elf Fire Elementalist) Turns: 1112, Time: 00:02:46

Health: 19/19      AC:  2    Str:  5    XL:     3   Next: 51%
Magic:  6/9        EV: 13    Int: 21    God:
Gold:   114        SH:  0    Dex: 15    Spells: 5/8 levels left

rFire   . . .        (no weapon)
rCold   . . .        (no shield)
rNeg    . . .        a - +0 robe
rPois   .            (no helmet)
rElec   .            (no cloak)
rCorr   .            (no gloves)
SInv    .            (no boots)
Will    .....        (no amulet)
Stlth   ++           (no ring)
HPRegen 0.23/turn    (no ring)
MPRegen 0.11/turn

%: no passive effects
@: very slightly contaminated
A: no striking features
a: no special abilities


You were on level 2 of the Dungeon.
You visited 1 branch of the dungeon, and saw 2 of its levels.

You collected 114 gold pieces.

Inventory:

Armour
 a - a +0 robe (worn)
Scrolls
 c - a scroll of magic mapping {unknown}
 d - a scroll of noise {unknown}
 f - a scroll of butterflies {unknown}
 g - a scroll of fog {unknown}
Potions
 b - a potion of magic
 e - a potion of haste {unknown}


   Skills:
 - Level 3.2 Dodging
 - Level 3.4 Stealth
 + Level 3.4 Spellcasting
 + Level 1.6 Conjurations
 + Level 3.6 Fire Magic


You had 5 spell levels left.
You knew the following spells:

 Your Spells              Type           Power      Damage    Failure   Level
a - Foxfire               Conj/Fire      56%        2x1d6     4%          1
b - Scorch                Fire           36%        2d7       4%          2

Your spell library contained the following spells:

 Spells                   Type           Power      Damage    Failure   Level
 Inner Flame              Hex/Fire       11%        N/A       19%         3
 Volatile Blastmotes      Fire/Tloc      22%        2d11      19%         3
 Flame Wave               Conj/Fire      14%        2d6       38%         4


Dungeon Overview and Level Annotations

Branches:
Dungeon (2/15)

Altars:


Message History

You conjure some foxfire!
The adder barely misses you.
The foxfire hits the adder.
You kill the adder!
Your foxfire dissipates!
HP restored.
You see here an adder corpse.
You open the door.
There is an open door here.
Found a stone staircase leading down.
An endoplasm comes into view.
Casting: Foxfire (safe; 4% risk of failure)
Confirm with . or Enter, or press ? or * to list all spells.
Flames lash the endoplasm.
You kill the endoplasm!
You open the door.
A hobgoblin comes into view.
There is an open door here.
A hobgoblin is nearby!
Casting: Scorch (safe; 4% risk of failure)
Confirm with . or Enter, or press ? or * to list all spells.
You conjure some foxfire!
The foxfire hits the hobgoblin.
The hobgoblin is severely wounded.
The foxfire hits the hobgoblin.
The hobgoblin is almost dead.
Casting: Foxfire (safe; 4% risk of failure)
Confirm with . or Enter, or press ? or * to list all spells.
You miscast Foxfire.
You are very lightly contaminated with residual magic.
Nothing appears to happen.
Casting: Foxfire (safe; 4% risk of failure)
Confirm with . or Enter, or press ? or * to list all spells.
You conjure some foxfire!
The foxfire hits the hobgoblin.
The hobgoblin is almost dead.
The foxfire hits the hobgoblin.
You kill the hobgoblin!
Okay, then.
Unknown command.
Are you sure you want to abandon this character and quit the game? (Confirm with "yes".)

#######.###.#.#.#.# ..
#.# #.#.#.#.# ...#
###.###.#.#.#.#
...#................#
...#.####.###..##'######+
...... .......#.........
...... ....#...§§§......
#.##.####.#.#...§§§......
......... # #..>@........
#.##.######.#...#########
....†...........#
#.##.###.##.#..# ..##.#
#.##.#.. #.##.###.##.#.##
................
#..#.###.##.#...
.........# #


There were no monsters in sight!

Vanquished Creatures
  2 adders (D:2)
  A dart slug (D:1)
  6 bats
  2 endoplasms
  A giant cockroach (D:1)
  A goblin (D:1)
  4 hobgoblins
  3 ball pythons (D:1)
  A frilled lizard (D:1)
  4 kobolds (D:1)
  4 rats (D:1)
29 creatures vanquished.

Vanquished Creatures (others)
  45 foxfires
45 creatures vanquished.

Grand Total: 74 creatures vanquished

Notes
Turn   | Place    | Note
-------+----------+-------------------------------------------
     0 | D:1      | Irreverend the Deep Elf Fire Elementalist began the quest
                  | for the Orb.
     0 | D:1      | Reached XP level 1. HP: 10/10 MP: 6/6
   153 | D:1      | Reached XP level 2. HP: 15/15 MP: 5/8
   225 | D:1      | Learned a level 2 spell: Scorch
   904 | D:2      | Reached XP level 3. HP: 19/19 MP: 4/9
  1112 | D:2      | Quit the game

Illustrated notes

Levels and vault maps discovered:
D:1:      eino_arrival_water_star, layout_basic, minmay_misc_feat_more_columns
D:2:      layout_basic, minmay_between

Skill      XL: |  1  2 |
---------------+-------+-----
Stealth        | 3 |  3.4
Dodging        | 3 |  3.2
Spellcasting   | |  3.4
Conjurations   | |  1.6
Fire Magic     | |  3.6

Action                     || total
---------------------------++-------
   Cast: Foxfire           ||    29
         Scorch            ||    12
 Armour: Robe              ||     2
  Dodge: Dodged            ||     8
